[Event "*** Titled Tuesday Blitz"]
[Site "Chess.com"]
[Date "2020.12.01"]
[Round "2"]
[White "sokidze"]
[Black "snowlord"]
[Result "0-1"]
[WhiteElo "2516"]
[BlackElo "2808"]
[TimeControl "180+1"]
[EndTime "10:18:55 PST"]
[Termination "snowlord won by resignation"]

1. e4 c5 2. Nf3 d6 3. d4 cxd4 4. Nxd4 Nf6 5. Nc3 a6 6. h3 e5 7. Nde2 h5 8. g3 Be6 9. Bg2 Nbd7 10. a4 Be7 11. O-O Rc8 12. Bg5 h4 13. g4 Nh7 14.
Bxe7 Qxe7 15. Nd5 Bxd5 16. exd5 O-O 17. c3 g6 18. f4 exf4 19. Nxf4 Qe3+ 20. Kh1 Ng5 21.
Qc2 Rce8 22. Nxg6 fxg6 23. Qxg6+ Kh8 24. Rfe1 Qxe1+ 25. Rxe1 Rxe1+ 26. Kh2 Nf3+ 27. Bxf3 Rxf3 28. Qh6+ Kg8 29. Qg6+ Kf8 30. Qxd6+ Ke8 31. Kg2 Rg3+ 32. Kf2 Rc1 33. Qg6+ Kf8 34. Qh6+ Ke7 35. Qxc1 Rxh3 36.
Qh6 Rh2+ 37. Kg1 Rxb2 38. Qxh4+ Kd6 39. Qg5 Ne5 40. Qd8+ Kc5 41. Qf8+ Kxd5 42. g5 Ke4 43. Qf6 Nf3+ 44. Kf1 Rd2 45. Qe6+ Kf4 46. g6 Nh2+ 47.
Ke1 Nf3+ 48. Kf1 Kg3 49. Qe3 Rd1+ 50. Ke2 Re1+ 51. Kd3 Rxe3+ 52. Kxe3 Nh4 53. g7 Nf5+ 54. Ke4 Nxg7 55. Ke5 Kf3 56. Kd6 Ke4 57. Kc7 Ne6+ 58. Kxb7 Nc5+ 59. Kb6 Kd5 60. a5 Kc4 61. Kc6 Na4 62.
Kb7 Kb5 63. c4+ Kxa5 64. Ka7 Nc5 65. Ka8 Kb4 66. Ka7 a5 67. Kb6 a4 0-1

[Event "*** Titled Tuesday Blitz"]
[Site "Chess.com"]
[Date "2020.12.01"]
[Round "2"]
[White "Markov_Mikhail"]
[Black "KetiTsatsalashvili"]
[Result "1-0"]
[WhiteElo "2703"]
[BlackElo "2345"]
[TimeControl "180+1"]
[EndTime "10:18:55 PST"]
[Termination "Markov_Mikhail won by resignation"]

1. c4 e6 2. Nf3 d5 3. g3 Nf6 4. Bg2 c6 5. d4 Bb4+ 6. Bd2 Be7 7. Qc2 b6 8. O-O O-O 9. b3 Ba6 10. Re1 Nbd7 11. Nc3 dxc4 12. bxc4 Bxc4 13. Ne5 Nxe5 14. dxe5 Nd5 15. Ne4 b5 16. h4 h6 17. Nd6 Bxd6 18.
exd6 Qxd6 19. e4 Nb4 20. Bxb4 Qxb4 21. e5 Bd5 22. Be4 Rfd8 23. Rac1 Qa5 24. Qe2 Rac8 25. Bb1 Bc4 26. Qe4 g6 27. h5 Bxa2 28. hxg6 Bxb1 29. gxf7+ Kg7 30. Rxb1 Qc7 31. Qg4+ Kxf7 32. Rb4 Rg8 33. Rf4+ Ke7 34. Qh4+ Rg5 35. Qxh6 Rcg8 36. Rf6 Qd7 37. Ra1 a5 38. Rxa5 Rxg3+ 39. fxg3 Qd1+ 40. Kg2 Qe2+ 41. Rf2 Qe4+ 42. Kh2 Qxe5 43. Qh4+ Kd6 44. Qf4 Qxf4 45. gxf4 Rb8 46. Kg3 Kc5 47. Kf3 Kb6 48. Raa2 b4 49. Ke4 c5 50. Kd3 Kb5 51. Rae2 Rd8+ 52. Kc2 Rd6 53.
f5 exf5 54. Rxf5 Rd4 55. Ree5 Rc4+ 56. Kb2 Rc3 57. Rg5 Kb6 58. Rg8 Kb5 59. Rb8+ Kc4 60. Rh5 Re3 61. Rc8 Re2+ 62. Kc1 Kb3 63. Rhxc5 Re1+ 64. Kd2 Rg1 65. Rc1 Rg2+ 66. Ke3 Rg3+ 67. Kf2 Rh3 68. Rb1+ Ka2 69. Rxb4 1-0

[Event "*** Titled Tuesday Blitz"]
[Site "Chess.com"]
[Date "2020.12.01"]
[Round "2"]
[White "StephenDedalus83"]
[Black "Gulkov_Igor"]
[Result "0-1"]
[WhiteElo "2692"]
[BlackElo "2492"]
[TimeControl "180+1"]
[EndTime "10:18:56 PST"]
[Termination "Gulkov_Igor won by resignation"]

1. e4 c5 2. Nf3 d6 3. d4 cxd4 4. Nxd4 Nf6 5. Nc3 a6 6. h3 e6 7. g4 Nfd7 8. Bg2 b5 9. a3 Bb7 10. O-O Be7 11. f4 Nc6 12. Be3 O-O 13. Qe2 Nxd4 14.
Bxd4 e5 15. Be3 exf4 16. Bxf4 Ne5 17. Rad1 Qc7 18. Kh1 Rfe8 19. Nd5 Bxd5 20. Rxd5 Bf8 21. Qf2 Rac8 22. c3 g6 23. Rfd1 Rcd8 24. Bf1 Nc4 25.
Qg2 Ne5 26. Ra1 Nd7 27. Rad1 Nf6 28. R5d4 Rc8 29. Bd3 Nd7 30. Bb1 Ne5 31. Ba2 Kg7 32.
Rf1 Re7 33. Bg5 Rce8 34. Bxe7 Bxe7 35. Rd5 Rf8 36. Qf2 Bg5 37. Qd4 Be7 38. Kg2 f6 39.
Qe3 Rb8 40. Rd2 Qb6 41. Qxb6 Rxb6 42. Bd5 a5 43. Rc2 Bd8 44. Rd1 Be7 45. Rdd2 Rb8 46.
Re2 Rc8 47. b3 Rc5 48. c4 bxc4 49. bxc4 Nd3 50. Kf3 Ne5+ 51. Ke3 Bd8 52. Kd2 Bb6 53. Rb2 Bc7 54. Kc3 Kh6 55. Rb5 Kg5 56. Rf2 Bd8 57.
Rxc5 dxc5 58. Bg8 Kh4 59. Bxh7 Kxh3 60. Rd2 Bc7 61. Rd5 Kxg4 62. Rxc5 Bb6 63. Rb5 Bf2 64. Rxa5 Be1+ 65. Kd4 Bxa5 66. c5 Bc7 67. Kd5 g5 68.
Ke6 Kf4 69. Kxf6 g4 70. Bf5 g3 71. Bh3 Kxe4 72. Ke6 Kd4 73. c6 Kc5 74. Bg2 Kb6 75.
a4 Nd3 76. a5+ Kxa5 77. Kd7 Kb6 78. Kc8 Nf4 79. Bf1 Kxc6 0-1

[Event "*** Titled Tuesday Blitz"]
[Site "Chess.com"]
[Date "2020.12.01"]
[Round "2"]
[White "Lysiak_Poltorak"]
[Black "Son_of_Sultan"]
[Result "1-0"]
[WhiteElo "2363"]
[BlackElo "2609"]
[TimeControl "180+1"]
[EndTime "10:18:56 PST"]
[Termination "Lysiak_Poltorak won on time"]

1. d4 d6 2. c4 e5 3. Nc3 exd4 4. Qxd4 Nc6 5. Qd2 Nf6 6. e4 Be7 7. b3 O-O 8. Bb2 a5 9. Nf3 a4 10. Rd1 axb3 11. axb3 Nd7 12. Bd3 Nc5 13. Bc2 Nb4 14. O-O Bg4 15. Nd5 Nxd5 16. exd5 Bxf3 17. gxf3 Bf6 18.
Bc1 g6 19. f4 Ra2 20. b4 Nb3 21. Qd3 Nxc1 22. Rxc1 Bg7 23. Rfe1 Qf6 24. Qe4 Qh4 25. Re3 Bh6 26. Rf3 Rfa8 27. Re1 Ra1 28. Rxa1 Rxa1+ 29. Kg2 Qg4+ 30. Rg3 Qxf4 31. Qxf4 Bxf4 32. Rf3 Be5 33. b5 Rc1 34. Bd3 f5 35. Re3 Kf7 36. h3 Kf6 37.
Rf3 Bd4 38. Bf1 Rc2 39. Kg3 g5 40. Kg2 h5 41. Bd3 Rd2 42. Rxf5+ Ke7 43. Rf3 g4 44. hxg4 hxg4 45. Rg3 Be5 46. Re3 g3 47. Be2 gxf2 48. Kxf2 Kd7 49. Kf3 Bd4 50. Re4 Be5 51. Re3 Kc8 52. Bd3 Kb8 53. Bf5 Ka7 54. Bd3 Kb6 55.
Ke4 Kc5 56. Re2 Rd1 57. Rc2 Re1+ 58. Re2 Rf1 59. Rc2 Rf4+ 60. Ke3 Rh4 61. Ra2 Bd4+ 62.
Kf3 Rh3+ 63. Ke4 1-0

[Event "*** Titled Tuesday Blitz"]
[Site "Chess.com"]
[Date "2020.12.01"]
[Round "2"]
[White "DanielDardha2005"]
[Black "Stosk"]
[Result "1/2-1/2"]
[WhiteElo "2628"]
[BlackElo "2366"]
[TimeControl "180+1"]
[EndTime "10:18:57 PST"]
[Termination "Game drawn - insufficient material"]

1. d4 d5 2. c4 e6 3. Nc3 Nf6 4.
cxd5 exd5 5. Bg5 Be7 6. Qc2 c6 7. e3 O-O 8. Bd3 Nbd7 9. Nf3 Re8 10. O-O Nf8 11. Rab1 h6 12. Bxf6 Bxf6 13. b4 Bg4 14. Nd2 a6 15. a4 Rc8 16. Bf5 Bxf5 17. Qxf5 Qd6 18. Rfc1 g6 19. Qd3 Red8 20. Nb3 Ne6 21.
Nc5 Nxc5 22. bxc5 Qe7 23. Rb6 Rd7 24. Rcb1 Rcc7 25. Qe2 h5 26. Qf3 Kg7 27. g3 Bg5 28. Kg2 f5 29. h3 Qe6 30. Ne2 Re7 31. Nf4 Bxf4 32. gxf4 Kh6 33. Kh2 Qf6 34. Rg1 Re6 35.
Rb2 Rg7 36. Rg5 Re4 37. Rb1 Re6 38. Rbg1 Kh7 39. Qe2 Ree7 40. Kg2 Re6 41. Kf1 Re4 42. Qf3 Re6 43. Qd1 Re4 44. Ke2 Qe6 45. Kd3 Qf6 46.
Qf3 Ree7 47. Kc3 Qe6 48. Kb4 Qf6 49. Qd1 Re4 50. Qd3 Qe7 51. Kb3 b6 52. cxb6 c5 53.
Qxa6 cxd4 54. b7 dxe3 55. Rxg6 Qb4+ 56. Ka2 Qxa4+ 57. Qxa4 Rxa4+ 58. Kb3 Rxg6 59. b8=Q Rxg1 60. Qb7+ Rg7 61. Qxd5 Rxf4 62. fxe3 Rf1 63. Qd3 Rf3 64. h4 Rgg3 65. Qd7+ Kg6 66. Qe6+ Kg7 67. Qe7+ Kg6 68. Qe6+ Kg7 69. Kc4 Rxe3 70. Qxf5 Rg4+ 71. Kb5 Ree4 72. Qd7+ Kg6 73. Qd6+ Kf5 74. Qd5+ Kf4 75. Qf7+ Kg3 76.
Qxh5 Rxh4 77. Qg5+ Rhg4 78. Qd2 Re5+ 79. Kc6 Rg6+ 80.
Kd7 Ree6 81. Qd3+ Kf4 82. Qd4+ Kf5 83. Qd5+ Kf4 84. Qxe6 Rxe6 85. Kxe6 1/2-1/2

[Event "*** Titled Tuesday Blitz"]
[Site "Chess.com"]
[Date "2020.12.01"]
[Round "2"]
[White "DraG0s3L"]
[Black "fmshawnrl123"]
[Result "1/2-1/2"]
[WhiteElo "2515"]
[BlackElo "2798"]
[TimeControl "180+1"]
[EndTime "10:18:58 PST"]
[Termination "Game drawn by repetition"]

1. c4 Nf6 2. Nc3 e6 3. g3 d5 4. cxd5 exd5 5. Bg2 Be7 6. e3 O-O 7. Nge2 c6 8. O-O Re8 9. d4 a5 10. Rb1 Na6 11. a3 Bf5 12. Ra1 Qd7 13. Na4 Rad8 14.
Bd2 Qc7 15. Rc1 b5 16. Nc5 Nxc5 17. dxc5 Bd3 18. Bxa5 Qxa5 19. Qxd3 Nd7 20. Nd4 Qa6 21.
b4 Ne5 22. Qf5 Bf8 23. Rc3 g6 24. Qc2 Nc4 25. Ra1 Bg7 26. Bf1 Ne5 27. a4 Qa8 28.
Ra2 bxa4 29. Rxa4 Qb7 30. Rca3 h5 31. b5 cxb5 32. Ra7 Qc8 33. Bxb5 Rf8 34. c6 Qg4 35. Be2 Qh3 36. Bf1 Qg4 37. Qe2 Qe4 38. c7 Rc8 39. Bg2 Qb1+ 40. Qf1 Qb4 41. Bxd5 Ng4 42. R3a4 Qc5 43. Bf3 Ne5 44. Bg2 Rxc7 45. Rxc7 Qxc7 46.
Ra1 Ng4 47. h3 Bxd4 48. hxg4 Bxa1 49. Qxa1 hxg4 50. Qf6 Qd8 51. Qf4 Qd1+ 52. Kh2 Kg7 53. Qe5+ f6 54. Qe7+ Rf7 55. Qe4 Qd7 56. Qf4 Qe6 57.
Qd4 g5 58. Bd5 Qf5 59. e4 Qf3 60. Bxf7 Kxf7 61. Qd7+ Kg6 62. Qe8+ Kg7 63. Qe7+ Kh6 64. Qf8+ Kh7 65. Qf7+ Kh8 66. Qf8+ Kh7 67. Qf7+ Kh6 68. Qf8+ Kg6 69. Qg8+ Kh6 70. Qh8+ Kg6 71. Qg8+ Kh6 72.
Qh8+ Kg6 73. Qg8+ 1/2-1/2

[Event "*** Titled Tuesday Blitz"]
[Site "Chess.com"]
[Date "2020.12.01"]
[Round "2"]
[White "jens1102"]
[Black "AvitalBor"]
[Result "0-1"]
[WhiteElo "2314"]
[BlackElo "2675"]
[TimeControl "180+1"]
[EndTime "10:18:59 PST"]
[Termination "AvitalBor won by resignation"]

1. c4 b6 2. e4 Bb7 3. d3 e5 4. Nf3 Nc6 5. Nc3 Bc5 6. Be3 d6 7. d4 exd4 8. Nxd4 Nf6 9. f3 O-O 10. Qd2 Nxd4 11. Bxd4 Nd7 12. Be2 f5 13. Bxc5 Nxc5 14.
exf5 Rxf5 15. O-O-O a6 16. Bd3 Re5 17. Rde1 Qf6 18.
Bc2 b5 19. Rxe5 Qxe5 20. Re1 Qf6 21. Nd5 Qf7 22. Re7 Bxd5 23. Rxf7 Bxf7 24. b4 Nd7 25. c5 Ne5 26. cxd6 Nc4 27. Qd3 cxd6 28. Qxh7+ Kf8 29. Qh8+ Bg8 30. Be4 Rc8 31. Qh3 Nb6+ 32. Kd2 Ke7 33. Qh4+ Kf8 34. Qf4+ Ke7 35. Qg5+ Kf8 36. h4 Bxa2 37. h5 Bf7 38. h6 gxh6 39.
Qxh6+ Ke7 40. Qg5+ Ke8 41. g4 Nc4+ 42. Ke2 Ne5 43.
Qf5 Rc4 44. Qf6 Rxb4 45. g5 Rb2+ 46. Ke3 Rg2 47. Kf4 Kd7 48. Bf5+ Kc6 49. Qe7 b4 50. Qd8 b3 51. Qc8+ Kb5 52. Bd7+ Kb4 53. Qb8+ Kc3 54. Qc7+ Nc4 55. Bf5 Bd5 56. Qg7+ Kb4 57. Qd4 Bf7 58. Bd3 b2 59. g6 Bg8 60. g7 d5 61. Qf6 Kb3 62. Qf8 Kc3 63. Qxg8 Kxd3 64. Qxd5+ Kc3 65. Qb7 Kc2 66. Kf5 b1=Q 67. Qe4+ Kb2 68. Qxb1+ Kxb1 69. Kf6 Nd6 70. f4 Ne8+ 71. Kf7 Nxg7 72. f5 Nxf5 0-1

[Event "*** Titled Tuesday Blitz"]
[Site "Chess.com"]
[Date "2020.12.01"]
[Round "2"]
[White "lelya96"]
[Black "ApacheSVD"]
[Result "0-1"]
[WhiteElo "2227"]
[BlackElo "2436"]
[TimeControl "180+1"]
[EndTime "10:18:59 PST"]
[Termination "ApacheSVD won on time"]

1. e4 c5 2. Nf3 d6 3. d4 cxd4 4. Nxd4 Nf6 5. Nc3 g6 6. Bc4 Bg7 7. Be3 O-O 8. f3 Nc6 9. Qd2 Bd7 10. O-O-O Rc8 11. Bb3 Nxd4 12. Bxd4 b5 13. Nd5 Nxd5 14. Bxd5 Bxd4 15. Qxd4 a5 16. e5 Bf5 17. Be4 Rc4 18. Qd3 Bxe4 19. fxe4 Qc8 20. exd6 exd6 21. Rd2 Re8 22.
Qxd6 Rcxe4 23. Rhd1 Qc4 24. Kb1 Re2 25. Qd7 R8e7 26.
Qd8+ Kg7 27. Qxa5 Rxd2 28. Qxd2 Re2 29. Qc1 Rxg2 30. b3 Qc3 31. h4 h5 32. Rf1 Rh2 33.
Qd1 Rxh4 34. Qd5 Qc7 35. Qxb5 Rg4 36. Qd3 Rg5 37. Qe3 Rf5 38. Qd4+ Qe5 39. Qd1 Rxf1 40. Qxf1 g5 41. a4 h4 42. Qg2 Kg6 43. a5 Qxa5 44.
Qe4+ f5 45. Qe6+ Kh5 46. Qe2+ g4 47. Qe8+ Kg5 48. Qe7+ Kf4 49. Qxh4 Qc3 50. Qf2+ Qf3 51. Qd4+ Qe4 52. Qf2+ Ke5 53. Qg3+ Qf4 54. Qc3+ Qd4 55. Qg3+ Kf6 56. Qh4+ Ke6 57. Qh6+ Ke5 58. Qg7+ Ke4 59. Qe7+ Qe5 60. Qb7+ Ke3 61. Qb6+ Ke2 62. Qa6+ Kf2 63. Qd3 Qe1+ 64. Kb2 Qe5+ 65. c3 g3 0-1

[Event "*** Titled Tuesday Blitz"]
[Site "Chess.com"]
[Date "2020.12.01"]
[Round "2"]
[White "Iskusnyh"]
[Black "GM4life"]
[Result "1-0"]
[WhiteElo "2628"]
[BlackElo "2327"]
[TimeControl "180+1"]
[EndTime "10:19:01 PST"]
[Termination "Iskusnyh won by resignation"]

1. d4 Nf6 2. c4 e6 3. g3 d5 4. Nf3 Be7 5. Bg2 O-O 6. O-O dxc4 7. Qa4 a6 8. Qxc4 b5 9. Qc2 Bb7 10. Bd2 Be4 11. Qc1 Ra7 12. Rd1 Nbd7 13. Ba5 Qa8 14. Nbd2 Bd5 15. b4 Bd6 16. Qc2 e5 17. dxe5 Nxe5 18.
Rac1 Re8 19. Nh4 Bxg2 20. Nxg2 Nd5 21. a3 h6 22. Qb3 c6 23. e4 Nf6 24. f4 Nc4 25.
Nxc4 bxc4 26. Qxc4 Rxe4 27. Qxc6 Qxc6 28. Rxc6 Be7 29.
Re1 Rd7 30. Rxe4 Nxe4 31. Rc1 Rd3 32. a4 Ra3 33. f5 Rxa4 34. Re1 Bxb4 35. Bxb4 Rxb4 36.
Nf4 Nf6 37. Ra1 Rb6 38. h3 Rd6 39. g4 Ne4 40. Kg2 Nc5 41. Rc1 Rd2+ 42. Kf3 Nd3 43. Rc8+ Kh7 44. Nxd3 Rxd3+ 45. Kg2 Ra3 46. Rf8 f6 47.
Ra8 h5 48. Ra7 h4 49. Kh2 Kh6 50. Kg2 Rg3+ 51. Kh2 Ra3 52. Kg2 Kg5 53. Rxg7+ Kf4 54. Rf7 Ra2+ 55. Kf1 Kf3 56. Ke1 Kg3 57. Rxf6 Kxh3 58.
Rb6 Kxg4 59. f6 Ra1+ 60. Ke2 Ra2+ 61. Ke1 Ra1+ 62. Ke2 Ra4 63. f7 Rf4 64. Rb4 Rxb4 65. f8=Q Rf4 66. Qg8+ Kf5 67. Qc8+ Kg5 68. Qxa6 Kg4 69.
Qc8+ Kg5 70. Ke3 Rf5 71. Qg8+ Kf6 72. Ke4 Re5+ 73. Kf4 Rf5+ 74. Kg4 Rd5 75. Qxd5 1-0

[Event "*** Titled Tuesday Blitz"]
[Site "Chess.com"]
[Date "2020.12.01"]
[Round "2"]
[White "MikeSailer"]
[Black "csati17"]
[Result "0-1"]
[WhiteElo "2147"]
[BlackElo "2597"]
[TimeControl "180+1"]
[EndTime "10:19:03 PST"]
[Termination "csati17 won by resignation"]

1. d4 Nf6 2. Nf3 g6 3. Bf4 Bg7 4. e3 d6 5. Be2 Nh5 6. Bg5 h6 7. Bh4 g5 8. Nfd2 Nf6 9. Bg3 c5 10. c4 Qb6 11. Nb3 Ne4 12. Nc3 Nxc3 13. bxc3 Bf5 14. O-O O-O 15. dxc5 dxc5 16. Qd5 Be6 17. Qxc5 Rc8 18. Qxb6 axb6 19. Nd4 Bxc4 20. Bxc4 Rxc4 21. Rab1 Bxd4 22. cxd4 Nd7 23. Rb2 Rac8 24. h3 Rc2 25.
Rfb1 f5 26. Kf1 Kf7 27. Ke1 R8c4 28. Kd1 R2c3 29. Rb3 Rc2 30. R3b2 Rxb2 31. Rxb2 Ke6 32. Rc2 Kd5 33. Rxc4 Kxc4 34. Kc2 b5 35. Bc7 Nf6 36. Be5 Nd5 37. g4 e6 38. Bg7 fxg4 39. hxg4 Nb4+ 40.
Kb2 Nd3+ 41. Kc2 Nxf2 42. Bxh6 Nxg4 43. Bxg5 b4 44. Bf4 Nf6 45. Be5 Nd5 46. e4 Nc3 47. d5 exd5 48. exd5 Nxd5 49. Bd6 Nc3 50. Kb2 b5 51. a3 b3 52. Bb4 Na4+ 53. Kb1 Kd3 54. Ba5 Nc5 55. Bb4 Kc4 56. Kb2 Nd3+ 57. Kb1 Nxb4 58.
axb4 Kxb4 59. Kb2 Kc4 60. Kb1 Kc3 61. Kc1 b2+ 62. Kb1 b4 63. Ka2 b1=Q+ 64. Kxb1 Kb3 65.
Ka1 Kc2 66. Ka2 b3+ 67. Ka1 b2+ 68. Ka2 b1=Q+ 0-1

[Event "*** Titled Tuesday Blitz"]
[Site "Chess.com"]
[Date "2020.12.01"]
[Round "2"]
[White "r31415"]
[Black "Buffy7"]
[Result "1/2-1/2"]
[WhiteElo "2466"]
[BlackElo "2671"]
[TimeControl "180+1"]
[EndTime "10:19:08 PST"]
[Termination "Game drawn - insufficient material"]

1. e4 c5 2. Nf3 d6 3. d4 cxd4 4. Nxd4 Nf6 5. Nc3 Nc6 6. g3 e6 7.
Bg2 Bd7 8. O-O a6 9. Be3 Be7 10. h3 O-O 11. Nde2 b5 12. a3 Rb8 13. Qd2 a5 14. g4 b4 15. axb4 axb4 16. Nd1 Ne5 17.
b3 Bb5 18. f4 Nc6 19. Nf2 Nd7 20. Nd3 Qc7 21. g5 Nc5 22. Nb2 d5 23. e5 Ne4 24. Qe1 Bxe2 25. Qxe2 Ng3 26. Qd2 Nxf1 27. Bxf1 Ra8 28. Na4 f6 29. exf6 gxf6 30. h4 fxg5 31.
hxg5 d4 32. Bf2 Qxf4 33. Qxf4 Rxf4 34. Bg2 Ra6 35. Re1 e5 36. Bg3 Rg4 37. Bxe5 Nxe5 38. Rxe5 Bxg5 39. Rf5 Rf6 40. Rxf6 Bxf6 41. Nc5 Kf7 42.
Nd3 h5 43. Nxb4 h4 44. Kf1 Rg3 45. Nd3 Bg5 46. Nc5 Be3 47. Ne4 Rg8 48. Bh3 Kg6 49.
Nd6 Rd8 50. Nc4 Rf8+ 51. Ke1 Rf3 52. Ne5+ Kg5 53. Nxf3+ Kf4 54. Nh2 Kg3 55. Bf1 Kxh2 56. Ke2 Kg3 57. Kd3 Kf2 58. Bh3 Kg3 59. Bf1 h3 60.
Bxh3 Kxh3 61. c3 Kg4 62. cxd4 Bg5 63. Kc4 Kf5 64. Kc5 Ke6 65. d5+ Kd7 66. b4 Be3+ 67.
Kc4 Kd6 68. Kd3 Bb6 69. Kc4 Ba7 70. b5 Bb6 71. Kd3 Kxd5 72. Kc3 Kc5 73. Kb3 Ba5 74. Ka2 Bb6 75. Kb1 Kd6 76. Kc1 Kd5 77. Kd1 Kc4 78. Ke1 Kd3 79. Kf1 Kd2 80. Kg2 Ke3 81.
Kh1 Ke4 82. Kg2 Kd5 83. Kh1 Kc5 84. Kg2 Kxb5 1/2-1/2

[Event "*** Titled Tuesday Blitz"]
[Site "Chess.com"]
[Date "2020.12.01"]
[Round "2"]
[White "Kotofeyca"]
[Black "Gusarov91"]
[Result "1-0"]
[WhiteElo "2464"]
[BlackElo "2654"]
[TimeControl "180+1"]
[EndTime "10:19:09 PST"]
[Termination "Kotofeyca won by resignation"]

1. d4 Nf6 2. c4 g6 3. f3 c5 4.
dxc5 Na6 5. e4 Nxc5 6. Be3 d6 7. e5 Nfd7 8. exd6 exd6 9. Bd4 Qh4+ 10. g3 Qe7+ 11. Kf2 Ne5 12. Nc3 Bg7 13. Nd5 Qd8 14.
Kg2 O-O 15. f4 Bg4 16. Be2 Bxe2 17. Nxe2 Nxc4 18. Bxg7 Re8 19. Bd4 Nd7 20. Qd3 b5 21. b3 Ncb6 22. Nec3 b4 23. Nxb6 axb6 24. Nd5 Qc8 25.
Rhe1 Rxa2+ 26. Rxa2 Rxe1 27. Ra7 Qc6 28. Qf3 Qc2+ 29. Kh3 h5 30. Rxd7 Qf5+ 31. g4 hxg4+ 32. Qxg4 Qd3+ 33. Kh4 Qxd4 34. Qf3 Re4 35. Rxd6 g5+ 36.
Kg4 f5+ 37. Kxf5 Rxf4+ 38. Nxf4 Qxd6 39. Kxg5 Qe7+ 40. Kg4 Qf7 41. Kg3 Qc7 42. Qg4+ Kh8 43. Qh5+ Kg8 44. Qg6+ Kh8 45. Qf6+ Kg8 46. Qe6+ Kh8 47.
Kg4 Qg7+ 48. Qg6 Qd4 49. Qe8+ Kg7 50. Qe7+ Kh8 51. h4 b5 52. h5 Qg1+ 53. Kf5 Qb1+ 54.
Kg5 Qg1+ 55. Kh4 Qh2+ 56. Nh3 Qd2 57. Qe8+ Kh7 58. Qg6+ Kh8 59. Qf6+ Kh7 60. Qf5+ Kg8 61. Nf4 Qf2+ 62. Kg5 Qg3+ 63. Kf6 Qg7+ 64. Ke6 Qc3 65. Qg6+ Kh8 66. Qf6+ Qxf6+ 67. Kxf6 Kh7 68. Ke5 Kh6 69. Kd5 Kg5 70. Kc5 Kxf4 71. h6 Kg5 72. h7 Kf4 73.
h8=Q Ke4 74. Kxb5 Kd3 75. Kxb4 Kc2 76. Qc3+ 1-0

[Event "*** Titled Tuesday Blitz"]
[Site "Chess.com"]
[Date "2020.12.01"]
[Round "2"]
[White "ObidObad"]
[Black "Nadtkins"]
[Result "1-0"]
[WhiteElo "2309"]
[BlackElo "2513"]
[TimeControl "180+1"]
[EndTime "10:19:10 PST"]
[Termination "ObidObad won on time"]

1. Nf3 Nf6 2. d3 d5 3. Nbd2 c5 4. e4 Nc6 5. g3 g6 6. Bg2 Bg7 7. O-O O-O 8. c3 Qc7 9. a4 Rd8 10. Qe2 h6 11. h3 Be6 12. Re1 Rac8 13. exd5 Nxd5 14. Nc4 b6 15. Nfd2 Qd7 16. Kh2 h5 17. Ne4 Bf5 18. h4 Re8 19. Bg5 Nf6 20. Ne3 Be6 21.
Qf3 Ne5 22. Qe2 Qxd3 23. Nxf6+ exf6 24. Bf4 Qxe2 25. Rxe2 Bg4 26. Rd2 Nf3+ 27. Bxf3 Bxf3 28. Nc4 Re7 29. a5 Be2 30. Ne3 Bf3 31. axb6 axb6 32. Rd6 Rb7 33. Ra6 Rcb8 34. Nd5 Bf8 35. Nxf6+ Kg7 36. Rd3 Be2 37. Bxb8 Bxd3 38. Ne8+ Kh6 39.
Ra8 Be7 40. Bf4+ g5 41. Bxg5+ Bxg5 42. hxg5+ Kxg5 43. Nd6 Re7 44. Rg8+ Kh6 45. Rf8 Kg7 46. Rb8 Re6 47. Rd8 Re2 48. Kg2 Rxb2 49. Ne8+ Kg6 50.
Rxd3 b5 51. Nc7 b4 52. cxb4 cxb4 53. Rd6+ f6 54. Rb6 b3 55. Nb5 Kf5 56. Nd4+ Ke4 57. Nxb3 Kd5 58. Rb7 f5 59. Na5 Ra2 60. Rb5+ Ke6 61.
Nc4 Ra4 62. Ne3 f4 63. gxf4 Rxf4 64. Rxh5 Ra4 65. Rh3 Kf7 66. Rf3+ Kg6 67. Rg3+ Kh5 68. Kf3 Ra7 69. Ke2 Re7 70. f4 Kh4 71. Rg4+ Kh3 72. Kf3 1-0

[Event "*** Titled Tuesday Blitz"]
[Site "Chess.com"]
[Date "2020.12.01"]
[Round "2"]
[White "elohunter1999"]
[Black "Azerichess"]
[Result "1/2-1/2"]
[WhiteElo "2578"]
[BlackElo "2952"]
[TimeControl "180+1"]
[EndTime "10:19:13 PST"]
[Termination "Game drawn - insufficient material"]

1. e4 c6 2. Nc3 d5 3. Nf3 Bg4 4.
h3 Bxf3 5. Qxf3 e6 6. Be2 Bc5 7. O-O Nd7 8. Qg3 Qf6 9. d3 Ne7 10. Na4 dxe4 11. dxe4 O-O 12. Bg5 Qd4 13. Nxc5 Qxc5 14. b4 Qxb4 15. Rab1 Qc5 16. Rxb7 Ng6 17. Rxd7 Qxc2 18. Bd3 Qxa2 19. h4 h6 20. Bxh6 Rad8 21. Rxd8 Rxd8 22. h5 gxh6 23. hxg6 Qb3 24. gxf7+ Kxf7 25.
Be2 Qxg3 26. fxg3+ Ke7 27. Ra1 Rd7 28. e5 Kd8 29. Ra6 Rc7 30. Bc4 Kc8 31. Bxe6+ Kb7 32. Ra1 Re7 33. Rb1+ Kc7 34. Bf5 Rxe5 35. g4 a5 36. Kf2 a4 37. Ra1 Ra5 38. Ra3 Kb6 39. Bc2 Kb5 40. Kf3 Kb4 41. Ra1 a3 42. Kf4 c5 43. Bf5 c4 44. Rb1+ Kc3 45. Rc1+ Kb4 46. Rb1+ Kc5 47. g5 hxg5+ 48. Kxg5 a2 49. Ra1 Kb4 50. Kf4 Kb3 51. g4 Kb2 52. Rg1 c3 53.
g5 Ra4+ 54. Ke5 Ra5+ 55. Kf6 Ra6+ 56. Ke5 Ra5+ 57. Kf6 a1=Q 58. Rxa1 Rxa1 59. g6 Rf1 60. g7 c2 61. g8=Q c1=Q 62. Qb8+ Kc3 63. Qc7+ Kd2 64.
Qxc1+ Rxc1 65. Kg7 Ke3 66. Bg6 Kf4 67. Bf7 Kg5 68.
Bg8 Rc7+ 69. Kh8 Kf6 70. Bh7 Rc8+ 71. Bg8 Ra8 72. Kh7 Ke7 73. Kh8 Kf8 74. Kh7 Ra2 75. Bxa2 1/2-1/2

[Event "*** Titled Tuesday Blitz"]
[Site "Chess.com"]
[Date "2020.12.01"]
[Round "2"]
[White "Micki-taryan"]
[Black "Natalya_Buksa"]
[Result "1-0"]
[WhiteElo "3010"]
[BlackElo "2586"]
[TimeControl "180+1"]
[EndTime "10:19:22 PST"]
[Termination "Micki-taryan won by resignation"]

1. Nf3 d5 2. d4 Nf6 3. c4 e6 4. Nc3 Be7 5. Bg5 O-O 6. Qc2 Nbd7 7. cxd5 exd5 8. e3 c6 9. Bd3 h6 10. Bh4 Re8 11. O-O Nh5 12. Bxe7 Qxe7 13. Rab1 a5 14. a3 Nhf6 15. b4 axb4 16. axb4 b5 17. Rfe1 Ne4 18. Bxe4 dxe4 19. Nd2 Nf6 20. Ne2 Bd7 21. Qc5 Nd5 22. Qxe7 Rxe7 23. Ng3 f5 24. Nb3 Nxb4 25. Nc5 Nd3 26. Nxd3 exd3 27. Red1 Ra3 28. h4 Be6 29. Rbc1 Bc4 30. Nxf5 Re6 31. h5 Ra2 32. Ng3 Re8 33. Nf1 Rea8 34. Nd2 R8a4 35. e4 Kf7 36. f3 Rb2 37. Kf2 Rc2 38. Rxc2 dxc2 39.
Rc1 Ra2 40. Nxc4 bxc4 41. Ke3 Ke6 42. Kd2 c5 43. dxc5 Ra5 44. Rxc2 Rxc5 45. Ke3 Rxh5 46.
Rxc4 Ra5 47. Rc6+ Ke7 48. Rc3 Ke6 49. g3 Ra6 50. f4 Kf6 51. Kf3 Ke6 52. Rb3 g6 53.
Rb8 h5 54. Rg8 Kf7 55. Rc8 Ke6 56. Rc7 Ra3+ 57. Kg2 Re3 58. Rc6+ Kf7 59. e5 Ra3 60. Kh3 Kg7 61. Kh4 Kf7 62. Rc7+ Kf8 63. Rb7 Rc3 64. Kg5 Rxg3+ 65. Kf6 Kg8 66. e6 Rf3 67. Rb8+ Kh7 68. e7 Rxf4+ 69. Ke5 Rf5+ 70. Ke4 Rf1 71. e8=Q Re1+ 72.
Kf4 Rxe8 73. Rxe8 Kg7 74. Re6 Kf7 75. Ra6 h4 76. Kg5 h3 77. Rf6+ Ke7 78. Rxg6 h2 79. Rh6 Kf7 80. Rh7+ 1-0

[Event "*** Titled Tuesday Blitz"]
[Site "Chess.com"]
[Date "2020.12.01"]
[Round "2"]
[White "szabadaba"]
[Black "TheCavemanChesss"]
[Result "0-1"]
[WhiteElo "2670"]
[BlackElo "2481"]
[TimeControl "180+1"]
[EndTime "10:19:23 PST"]
[Termination "TheCavemanChesss won by checkmate"]

1. e4 c5 2. Nc3 Nc6 3. g3 g6 4.
Bg2 Bg7 5. d3 Rb8 6. f4 b5 7.
Nf3 d6 8. O-O Bd7 9. h3 e6 10.
Rb1 Nge7 11. Be3 O-O 12. Qd2 b4 13. Ne2 Qa5 14. Nc1 d5 15. e5 d4 16. Bf2 Qb6 17. Qe2 Rfd8 18. Nb3 Na5 19. Ng5 Bc6 20.
Ne4 Nxb3 21. axb3 Bxe4 22. Bxe4 Nd5 23. Qf3 a5 24. Ra1 Ra8 25. Ra4 Qc7 26. Rfa1 Ra7 27.
Kh1 Qb6 28. g4 Qb5 29. h4 Nb6 30. Bc6 Qa6 31. R4a2 Nd5 32. Bxd5 Rxd5 33. h5 Qb6 34. Kg2 Qd8 35. Rh1 Qd7 36. Bh4 a4 37. Rha1 c4 38.
dxc4 Rda5 39. bxa4 Rxa4 40. Rxa4 Rxa4 41. Rxa4 Qxa4 42. b3 Qa2 43. Qe4 Bf8 44. Bf2 Bc5 45.
h6 Kf8 46. Qc6 Qa5 47. Qd7 Qb6 48. Bh4 Kg8 49. Qe8+ Bf8 50. Be7 Qb7+ 51. Kg3 Qxe7 52. Qa8 Qd7 53. g5 d3 54. cxd3 Qxd3+ 55. Kg4 Qxb3 56. c5 Qd1+ 57. Kg3 Qd3+ 58. Kg4 Qe2+ 59. Kg3 Qe1+ 60. Kg4 Qd1+ 61. Kg3 Qc1 62. c6 Qc3+ 63. Kg4 b3 64. Qb7 b2 65. c7 Qxc7 66. Qxc7 b1=Q 67. Qd8 Qg1+ 68. Kh4 Qf2+ 69. Kg4 Qg2+ 70. Kh4 Qf3 71. Qd4 Be7 72. Qc4 Bd8 73. Qa4 Kf8 74. Qb4+ Ke8 75. Qa4+ Ke7 76. Qb4+ Kd7 77. Qa4+ Qc6 78. Qa7+ Qc7 79.
Qa4+ Qc6 80. Qa7+ Bc7 81. Qd4+ Ke8 82. Qb4 Bb6 83. Kg4 Qg2+ 84. Kh4 Bf2# 0-1